 Seeded DCSS version 0.32-a0-163-g159c032296 (webtiles) character file.

Game seed: 20240211 (custom seed)

190 muata the Sneak (level 5, -1/35 HPs)
             Began as a Vampire Summoner on Feb 11, 2024.
             Slain by a river rat (5 damage)
             ... on level 3 of the Dungeon.
             The game lasted 00:14:06 (1899 turns).

muata the Sneak (Vampire Summoner)                  Turns: 1899, Time: 00:14:07

Health: -1/35      AC:  5    Str:  7    XL:     5   Next: 41%
Magic:  10/10      EV: 12    Int: 20    God:
Gold:   145        SH:  0    Dex: 14    Spells: 10/11 levels left

rFire   . . .        k - +0 spear
rCold   . . .        (no shield)
rNeg    . . .        a - +0 robe
rPois   .            (no helmet)
rElec   .            n - +2 cloak
rCorr   +            (no gloves)
SInv    +            (no boots)
Will    .....        (no amulet)
Stlth   +++          c - ring of resist corrosion
HPRegen 0.45/turn    (no ring)
MPRegen 0.12/turn

%: no passive effects
@: healing quickly
A: alive, fangs 3, see invisible, vampiric 2
a: Exsanguinate


You were on level 3 of the Dungeon.
You visited 1 branch of the dungeon, and saw 3 of its levels.

You collected 145 gold pieces.

Inventory:

Hand Weapons
 k - a +0 spear (weapon)
Armour
 a - a +0 robe (worn)
 n - a +2 cloak (worn)
 q - a scarf of invisibility
 r - the +1 Delatra's gloves {ID++}
   (You found it on level 3 of the Dungeon)

   ID++:      It heals its wearer when they drink unknown potions, and restores
   their MP when they read unknown scrolls.
Jewellery
 c - a ring of resist corrosion (left hand)
 w - an amulet of the acrobat
Wands
 t - a wand of flame (7)
Scrolls
 d - 3 scrolls of teleportation {unknown}
 e - 2 scrolls of poison {unknown}
 h - 5 scrolls of identify {unknown}
 l - 2 scrolls of fear {unknown}
 m - 2 scrolls of fog {unknown}
 s - a scroll of vulnerability {unknown}
 v - a scroll of noise {unknown}
Potions
 b - a potion of magic
 f - a potion of might {unknown}
 g - 2 potions of attraction {unknown}
 i - a potion of curing {unknown}
 j - 2 potions of brilliance {unknown}
 o - a potion of lignification {unknown}
 p - a potion of mutation {unknown}
 u - a potion of enlightenment {unknown}


   Skills:
 + Level 2.5 Dodging
 - Level 6.2 Stealth
 + Level 3.9 Spellcasting
 + Level 4.1 Summonings


You had 10 spell levels left.
You knew the following spells:

 Your Spells              Type           Power      Damage    Failure   Level
a - Summon Small Mammal   Summ           80%        N/A       2%          1

Your spell library contained the following spells:

 Spells                   Type           Power      Damage    Failure   Level
 Call Imp                 Summ           40%        N/A       3%          2
 Call Canine Familiar     Summ           20%        N/A       7%          3
 Summon Blazeheart Golem  Fire/Summ      12%        N/A       50%         4
 Summon Lightning Spire   Summ/Air       12%        N/A       50%         4


Dungeon Overview and Level Annotations

Branches:
Dungeon (3/15)

Altars:


Innate Abilities, Weirdness & Mutations

Your natural rate of healing is accelerated.
You have razor-sharp teeth.
You have supernaturally acute eyesight. (SInv)
You are afflicted with vampirism and can become a bat while bloodless.


Message History

The river rat is heavily wounded.
The river rat bites you.
Your rat barely misses the river rat.
Your quokka bites the river rat.
You hit the river rat but do no damage.
The river rat is severely wounded.
The river rat bites you!
* * * LOW HITPOINT WARNING * * *
Your rat barely misses the river rat.
Your quokka splashes around in the water.
You hear the rapid rusting of a drain very nearby.
Your quokka splashes around in the water.
Your rat barely misses the river rat.
The river rat bites you.
* * * LOW HITPOINT WARNING * * *
Your rat bites the river rat but does no damage.
You barely miss the river rat.
The river rat is severely wounded.
The river rat barely misses you.
A rat comes into view.
Your rat bites the river rat but does no damage.
Your quokka barely misses the river rat.
The river rat attacks as it pursues you!
The river rat closely misses you.
The river rat bites you but does no damage.
You completely miss the river rat. Your bite misses the river rat.
The river rat is severely wounded.
The river rat bites you but does no damage.
Your quokka closely misses the river rat.
Your quokka barely misses the river rat.
The river rat bites you but does no damage.
You barely miss the river rat.
The river rat is severely wounded.
Your quokka bites the river rat but does no damage.
The river rat bites you.
* * * LOW HITPOINT WARNING * * *
Your rat splashes around in the water.
You barely miss the river rat. Your bite misses the river rat.
The river rat is severely wounded.
Your quokka splashes around in the water.
The river rat bites you.
You die...

#~ #. #..#### ~##
#. #....#. # ~~#
#.###...#. #~##~#
#.......#. #r~~~#
#.#....### ####~#~#
### # #.#####.
#~~~S~~# #.#######
#.# #.
#~########........
#.# #. ###
#†~~~r†~rr@# #.# #.
....####~#~#r~##
#.# #. #..~~~~~.~.#
#.#####.
##....~.....# #####
#.......
#........?..###...#
########
#.###...........#.#
#(... #
#.##########...#
#.###. #..
#..###### ##
##.########
#........


You could see a river rat (ally target), a rat, a friendly quokka (summoned) and
a friendly rat (summoned).

Vanquished Creatures
  2 adders (D:3)
  A river rat (D:3)
  2 orcs (D:3)
  A ball python (D:1)
  An endoplasm (D:3)
  A giant cockroach (D:1)
  A goblin (D:2)
  2 hobgoblins
  3 jackals (D:2)
  2 bats
  4 rats
20 creatures vanquished.

Vanquished Creatures (collateral kills)
  A bombardier beetle (D:3)
  Jessica (D:3)
  An orc wizard (D:3)
  An adder (D:3)
  2 ribbon worms (D:3)
  2 ball pythons (D:1)
  3 bats
  5 endoplasms
  4 giant cockroaches
  2 goblins (D:1)
  4 hobgoblins
  7 jackals (D:2)
  A quokka (D:1)
  2 frilled lizards (D:1)
  5 rats
41 creatures vanquished.

Grand Total: 61 creatures vanquished

Notes
Turn   | Place    | Note
-------+----------+-------------------------------------------
     0 | D:1      | muata the Vampire Summoner began the quest for the Orb.
     0 | D:1      | Reached XP level 1. HP: 13/13 MP: 3/3
   207 | D:1      | Reached XP level 2. HP: 19/19 MP: 5/5
   346 | D:1      | Reached skill level 4 in Stealth
   696 | D:2      | Gained mutation: You are afflicted with vampirism and can
                  | become a bat while bloodless. [Vampire growth]
   696 | D:2      | Reached XP level 3. HP: 24/24 MP: 4/7
  1414 | D:3      | Reached skill level 5 in Stealth
  1414 | D:3      | Reached XP level 4. HP: 18/30 MP: 4/8
  1534 | D:3      | Found the +1 Delatra's gloves {ID++}
  1703 | D:3      | Noticed Jessica
  1717 | D:3      | Killed Jessica
  1718 | D:3      | Reached skill level 6 in Stealth
  1718 | D:3      | Reached XP level 5. HP: 35/35 MP: 10/10
  1893 | D:3      | HP: 1/35 [river rat (5)]
  1899 | D:3      | Slain by a river rat

Illustrated notes

Levels and vault maps discovered:
D:1:      zaba_arrival_water, layout_rooms
D:2:      layout_loops_ring
D:3:      layout_loops_ring, mainiacjoe_overflow_paths,
          lightli_sewer_entry_pipes, pf_guarded_unrand_delatra, uniq_jessica

Skill      XL: |  1  2  3  4 |
---------------+-------------+-----
Stealth        | 4 5 6 |  6.2
Spellcasting   | 3 |  3.9
Dodging        | |  2.5
Summonings     | |  4.1

Action                     |  1- 3 |  4- 6 || total
---------------------------+-------+-------++-------
  Melee: Unarmed           |    26 |       ||    26
         Spear             |    49 |    75 ||   124
         Bite              |     6 |     7 ||    13
   Cast: Summon Small Mamm |    39 |    16 ||    55
   Stab: Distracted        |     2 |       ||     2
         Sleeping          |     1 |     4 ||     5
 Armour: Robe              |    51 |    65 ||   116
  Dodge: Dodged            |    57 |    56 ||   113

Table legend: (Time is in decaauts)
 A = Elapsed time spent in this place.
 B = Non-inter-level travel time spent in this place.
 C = Inter-level travel time spent in this place.
 D = Time resting spent in this place.
 E = Time spent auto-exploring this place.
 F = Levels seen in this place.
 G = Mean time per level.
                   A        B        C        D        E       F      G
               +--------+--------+--------+--------+--------+-----+--------+
         Total |   1933 |   1886 |     47 |      6 |    919 |   3 |  644.3 |
       Dungeon |   1933 |   1886 |     47 |      6 |    919 |   3 |  644.3 |
               +--------+--------+--------+--------+--------+-----+--------+

Top non-repeatable levels by time:
     D:2: 694 daAuts
     D:1: 677 daAuts
     D:3: 561 daAuts
